 Dungeon Crawl Stone Soup version 0.29.0-13-gc9e81de378 (webtiles) character file.

Game seed: 15250648450369328718

374 Artool the Ducker (level 6, -1/48 HPs)
             Began as a Demonspawn Gladiator on Sept 7, 2022.
             Splashed by a jelly's acid (6 damage)
             ... on level 5 of the Dungeon.
             The game lasted 00:08:56 (3796 turns).

Artool the Ducker (Demonspawn Gladiator)            Turns: 3796, Time: 00:08:57

Health: -1/48      AC:  0    Str: 16    XL:     6   Next: 43%
Magic:  6/6        EV: 13    Int:  9    God:
Gold:   169        SH:  0    Dex: 15    Spells: 5/5 levels left

rFire   . . .      SeeInvis .   k - +1 whip (drain)
rCold   . . .      Faith    .   (no shield)
rNeg    . . .      Spirit   .   b - +0 leather armour
rPois   .          Reflect  .   c - +0 helmet
rElec   .          Harm     .   (no cloak)
rCorr   .          Rampage  .   (no gloves)
Will    .....                   (no boots)
Stlth   +.........              (no amulet)
HPRegen 0.16/turn               (no ring)
MPRegen 0.10/turn               (no ring)

@: corroded
A: foul stench 1, weakness stinger 2
a: no special abilities


You were on level 5 of the Dungeon.
You visited 1 branch of the dungeon, and saw 5 of its levels.

You collected 169 gold pieces.

Inventory:

Hand Weapons
 k - a +1 whip of draining (weapon)
 r - a +1 vampiric whip
Missiles
 d - 3 throwing nets
 e - a javelin
 g - 5 atropa-tipped darts (quivered)
Armour
 b - a +0 leather armour (worn)
 c - a +0 helmet (worn)
 n - a scarf of invisibility
Jewellery
 t - an amulet of magic regeneration
Scrolls
 a - a scroll of magic mapping {unknown}
 f - 6 scrolls of identify {unknown}
 h - a scroll of fear {unknown}
 j - a scroll of noise {unknown}
 p - a scroll of teleportation {unknown}
 s - a scroll of summoning {unknown}
Potions
 i - 5 potions of curing {unknown}
 l - a potion of resistance {unknown}
 m - a potion of berserk rage {unknown}
 o - a potion of magic {unknown}
 q - 4 potions of heal wounds {unknown}
 u - a potion of degeneration {unknown}


   Skills:
 + Level 3.8 Fighting
 + Level 4.0 Maces & Flails
 - Level 2.0 Throwing
 + Level 2.7 Armour
 + Level 4.0 Dodging


You had 5 spell levels left.
You didn't know any spells.
Your spell library contained the following spells:

 Spells                   Type           Power      Damage    Failure   Level
 Necrotise                Necr           0%         1d4       43%         1
 Dazzling Flash           Conj/Hex       0%         N/A       82%         3
 Vampiric Draining        Necr           0%         2d6       82%         3
 Agony                    Necr           0%         N/A       100%        5
 Silence                  Hex/Air        0%         N/A       100%        5


Dungeon Overview and Level Annotations

Branches:
Dungeon (5/15)
 Temple: D:4-7

Altars:
Cheibriados

Annotations:
D:1 1 runed translucent door


Innate Abilities, Weirdness & Mutations

You may rarely emit foul miasma when damaged in melee.
You have a tail ending in a sharp stinger.


Message History

There is an entrance to a sewer on this level.
Hurry and find it before the portal rusts away!
Found a scroll labelled DUSKAW SEONWO and 20 gold pieces.
There is a stone staircase leading up here.
You barely miss Natasha.
Natasha mumbles some strange words.
You barely miss Natasha. You tail-slap Natasha.
Natasha is moderately wounded.
Natasha barely misses you.
You hit Natasha. You drain Natasha.
Natasha is severely wounded.
The white imp spits at you. The white imp barely misses you.
You closely miss Natasha.
Your tail-slap misses Natasha.
Natasha is severely wounded.
Natasha claws you but does no damage. The white imp barely misses you.
The jelly barely misses you.
You hit Natasha.
Natasha is severely wounded.
Natasha barely misses you. The white imp completely misses you.
The jelly closely misses you.
You hit Natasha.
Natasha is almost dead.
Natasha completely misses you. The white imp hits you.
* * * LOW HITPOINT WARNING * * *
The white imp freezes you.
* * * LOW HITPOINT WARNING * * *
The jelly barely misses you.
You miss Natasha.
Natasha is almost dead.
Natasha claws you.
* * * LOW HITPOINT WARNING * * *
The white imp closely misses you. The jelly barely misses you.
You hit Natasha.
You kill Natasha!
Moaning pathetically, Natasha's spirit plunges into the ground.
The white imp disappears in a puff of smoke!
The jelly hits you.
* * * LOW HITPOINT WARNING * * *
The acid corrodes you!
You are splashed with acid.
You die...

....
... ...
..
#####.#
.....#
#..ยง#
#.@.#
#.J.#
#..?#
#...#
#...#
...$#
...##
.....


You could see a jelly.

Vanquished Creatures
  An ogre (D:4)
  2 hounds (D:4)
  3 orc priests (D:4)
  A jelly (D:4)
  Natasha (D:5)
  4 adders
  An ufetubus (D:4)
  2 worms (D:2)
  2 orcs (D:4)
  6 endoplasms
  3 giant cockroaches
  7 hobgoblins
  2 jackals (D:3)
  7 kobolds
  4 quokkas (D:1)
  6 ball pythons
  8 bats
  6 frilled lizards
  5 goblins
  2 rats
73 creatures vanquished.

Vanquished Creatures (others)
  3 plants (D:4)
3 creatures vanquished.

Grand Total: 76 creatures vanquished

Notes
Turn   | Place    | Note
-------+----------+-------------------------------------------
     0 | D:1      | Artool the Demonspawn Gladiator began the quest for the
                  | Orb.
     0 | D:1      | Reached XP level 1. HP: 16/16 MP: 1/1
     2 | D:1      | Found a runed translucent door.
    62 | D:1      | Found a faded altar of an unknown god.
   363 | D:1      | Gained mutation: You have a small tail. [demonic ancestry]
   363 | D:1      | Reached XP level 2. HP: 22/22 MP: 2/2
  1231 | D:2      | Gained mutation: You may rarely emit foul miasma when
                  | damaged in melee. [demonic ancestry]
  1231 | D:2      | Reached XP level 3. HP: 23/28 MP: 3/3
  1233 | D:2      | Reached skill level 1 in Armour
  1482 | D:2      | Found a snail-covered altar of Cheibriados.
  1759 | D:2      | Reached XP level 4. HP: 34/34 MP: 4/4
  3304 | D:4      | Reached XP level 5. HP: 34/41 MP: 5/5
  3641 | D:4      | Gained mutation: You have a tail ending in a sharp stinger.
                  | [demonic ancestry]
  3641 | D:4      | Reached XP level 6. HP: 28/47 MP: 6/6
  3782 | D:4      | Noticed Natasha
  3788 | D:5      | Entered Level 5 of the Dungeon
  3796 | D:5      | Killed Natasha
  3796 | D:5      | Splashed by a jelly's acid

Illustrated notes

Levels and vault maps discovered:
D:1:      dpeg_arrival_caged_fury, layout_basic,
          chequers_ecumenical_altar_simple_redux
D:2:      layout_rooms, basic_altar, nrook_mini_backslash,
          dreamdust_mushroom_princess, minmay_circle_x
D:3:      layout_basic
D:4:      layout_rooms, grunt_qazlal_sundering,
          mainiacjoe_overflow_concentric_impassable,
          nicolae_tso_swordbearing_angel, serial_bayou, serial_bayou_shore_a,
          serial_bayou_pond_e, serial_bayou_pond_e, serial_bayou_pond_e,
          serial_bayou_ford_a, uniq_natasha
D:5:      cheibrodos_iron_armory, layout_basic, okawaru_gym_becter,
          old_standard_altar, minmay_temple_entry_glass, portal_sewer_entry_f

Skill      XL: |  1  2  3  4  5  6 |
---------------+-------------------+-----
Throwing       | 2 |  2.0
Maces & Flails | 3 4 |  4.0
Dodging        | 3 4 |  4.0
Armour         | 1 2 |  2.7
Fighting       | 3 |  3.8

Action                   |  1- 3 |  4- 6 || total
-------------------------+-------+-------++-------
Melee: Flail             |    39 |       ||    39
       Whip              |    75 |   105 ||   180
       Tailslap          |     7 |    13 ||    20
       Punch             |     1 |     2 ||     3
 Stab: Sleeping          |     3 |     2 ||     5
Armor: Leather armour    |    37 |    23 ||    60
Dodge: Dodged            |    77 |    71 ||   148
